 Dungeon Crawl Stone Soup version 0.19.0-2-gae57169 (webtiles) character file.

2682 Patchouli the Thaumaturge (level 9, -19/45 HPs)
             Began as a Deep Elf Ice Elementalist on Nov 4, 2016.
             Was a Believer of Kikubaaqudgha.
             Killed from afar by a rime drake (24 damage)
             ... with a flash freeze
             ... on level 1 of the Lair of Beasts.
             The game lasted 00:33:18 (4512 turns).

Patchouli the Thaumaturge (DEIE)                    Turns: 4512, Time: 00:33:19

Health: -19/45     AC:  6    Str:  5    XL:     9   Next: 37%
Magic:  17/24      EV: 16    Int: 24    God:    Kikubaaqudgha [**....]
Gold:   307        SH:  0    Dex: 19    Spells: 5 memorised, 12 levels left

rFire  + . .     SeeInvis .     O - +0 rod of ignition (9/9)
rCold  . . .     Gourm    .     k - +1 robe {rF+}
rNeg   + . .     Faith    .     (no shield)
rPois  .         Spirit   .     q - +0 helmet
rElec  .         Reflect  .     (no cloak)
rCorr  .         Harm     .     o - +1 pair of gloves
MR     .....                    (no boots)
Stlth  ++........               (no amulet)
                                f - ring of positive energy
                                i - +4 ring of dexterity (curse)

@: very slightly contaminated
A: no striking features
a: Receive Corpses, Renounce Religion


You were on level 1 of the Lair of Beasts.
You worshipped Kikubaaqudgha.
Kikubaaqudgha was pleased with you.
You were not hungry.

You visited 3 branches of the dungeon, and saw 13 of its levels.

You collected 307 gold pieces.

Inventory:

Hand Weapons
 s - a +0 flail
 D - a +0 short sword
 G - a +0 scimitar of slicing
Missiles
 y - 6 tomahawks of dispersal (quivered)
Armour
 a - a +0 robe
 k - a +1 robe of fire resistance (worn)
 l - a +0 pair of gloves
 o - a +1 pair of gloves (worn)
 q - a +0 helmet (worn)
 E - a +2 ring mail of positive energy
 L - the cursed +1 leather armour "Kuzo" {+Blink +Fly Str-4, unknown}
   (You found it on level 8 of the Dungeon)

   It affects your strength (-4).
   It lets you fly.
   It lets you blink.
   It has a curse placed upon it.
Rods
 O - a +0 rod of ignition (9/9) (in hand)
   (You found it on level 8 of the Dungeon)
Jewellery
 f - a ring of positive energy (right hand)
 i - a cursed +4 ring of dexterity (left hand)
 j - an uncursed ring of flight
 M - an uncursed ring of protection from cold {unknown}
Wands
 d - a wand of paralysis (11/24)
 w - a wand of acid (3/15)
 x - a wand of disintegration (6/24)
 P - a wand of flame (6/48)
Scrolls
 m - 3 scrolls of enchant weapon {unknown}
 t - 3 scrolls of identify
 F - a scroll of recharging {unknown}
 J - a scroll of enchant armour {unknown}
 K - a scroll of fog {unknown}
Potions
 e - 2 potions of mutation
 h - 2 potions of lignification
 C - 2 potions of magic
Books
 b - a book of Frost

   Spells                             Type                      Level
   a - Freeze                         Ice                          1
   b - Throw Frost                    Conjuration/Ice              2
   c - Ozocubu's Armour               Charms/Ice                   3
   d - Throw Icicle                   Conjuration/Ice              4
   e - Summon Ice Beast               Ice/Summoning                4
 v - Kikubaaqudgha's Guide on Evil
   (Kikubaaqudgha gifted it to you on level 8 of the Dungeon)

   Spells                             Type                      Level
   a - Animate Skeleton               Necromancy                   1
   b - Corpse Rot                     Necromancy                   2
   c - Sublimation of Blood           Necromancy                   2
   d - Vampiric Draining              Necromancy                   3
   e - Control Undead                 Necromancy                   4
Miscellaneous
 p - a box of beasts
Comestibles
 c - 4 bread rations
 g - a chunk of flesh
 n - a slice of pizza
 z - 30 fruits
 A - 2 meat rations


   Skills:
 + Level 0.1 Fighting
 * Level 0.5 Armour
 + Level 5.7 Dodging
 - Level 2.4 Stealth
 * Level 9.2 Spellcasting
 * Level 3.5 Conjurations
 + Level 2.4 Charms
 * Level 6.4 Summonings
 + Level 2.4 Necromancy
 * Level 7.9 Ice Magic


You had 12 spell levels left.
You knew the following spells:

 Your Spells              Type           Power        Failure   Level  Hunger
a - Freeze                Ice            ####         1%          1    None
b - Throw Frost           Conj/Ice       #####.       1%          2    None
c - Throw Icicle          Conj/Ice       #####...     6%          4    ##.....
i - Summon Ice Beast      Ice/Summ       #####...     2%          4    ##.....
q - Ozocubu's Armour      Chrm/Ice       #####...     1%          3    None


Dungeon Overview and Level Annotations

Branches:
Dungeon (11/15)            Temple (1/1) D:4            Lair (1/6) D:9
    Orc: D:9-12

Altars:
Ashenzari
Cheibriados
Dithmenos
Elyvilon
Fedhas
Gozag
Hepliaklqana
Kikubaaqudgha
Nemelex Xobeh
Qazlal
Ru
Sif Muna
Trog
Vehumet
Xom
Yredelemnul
Zin
The Shining One


Message History

Your ice beast freezes the rime drake.
The rime drake resists.
The rime drake bites your ice beast but does no damage.
Okay, then.
Casting: Summon Ice Beast
Confirm with . or Enter, or press ? or * to list all spells.
A chill wind blows around you.
Your ice beast hits the rime drake.
Your ice beast freezes the rime drake.
The rime drake resists.
The rime drake bites your ice beast but does no damage.
Okay, then.
The ice encasing you melts away.
Your ice beast barely misses the rime drake.
The rime drake bites your ice beast.
Your ice beast barely misses the rime drake.
Your ice beast hits the rime drake but does no damage.
Your ice beast barely misses the rime drake. x2
The rime drake breathes ice at you. The flash freeze hits you!
Ouch! That really hurt!
You die...
Kikubaaqudgha rasps: "You have failed me!
Welcome... death!"

.......... #........ .
#..⌠..#### )?. ..
###........#####....
...##..##..?.....#......
.........YkY.⌠...+......
..........#......#.....#
...........#...........#
#......@..#.##.........#
..........#.###.##......
#..
...........###......###
..#
.............)...#..# .#
...............###.#.#
.#
.#..............###†###
.###
#................##.#
...#
#...................##
..#
#.....................#


You could see a rime drake and 2 friendly ice beasts.

Vanquished Creatures
  A manticore (D:11)
  An orc warrior (D:8)
  2 sky beasts (D:9)
  2 bullfrogs
  A scorpion (D:7)
  A killer bee (D:8)
  A howler monkey (D:6)
  2 crimson imps
  A jelly (D:5)
  3 orc priests
  2 hounds
  Jessica (D:3)
  3 orc wizards
  A worker ant (D:4)
  5 adders
  A shadow imp (D:8)
  A dart slug (D:3)
  4 leopard geckos
  8 orcs
  2 ball pythons
  4 giant cockroaches
  2 hobgoblins (D:2)
  A jackal (D:9)
  2 quokkas
  5 bats
  3 frilled lizards
  5 goblins
  5 kobolds
  A leopard gecko skeleton (D:5)
  6 rats
77 creatures vanquished.

Vanquished Creatures (collateral kills)
  A hill giant (D:10)
  A cyclops (D:11)
  Joseph (D:8)
  A black mamba (Lair:1)
  Psyche (D:8)
  A hungry ghost (D:9)
  A water moccasin (Lair:1)
  A sky beast (D:9)
  2 ogres
  A crocodile (Lair:1)
  2 big kobolds
  2 bullfrogs
  2 killer bees (D:9)
  A howler monkey (D:8)
  A centaur zombie (D:8)
  2 hounds
  An orc priest (D:9)
  An orc wizard (D:9)
  A centaur skeleton (D:5)
  A worker ant zombie (D:8)
  2 adders
  An adder zombie (D:8)
  An adder skeleton (D:9)
  7 orcs
  2 jackals (D:9)
  A quokka (D:9)
  A frilled lizard (D:4)
  3 kobolds (D:5)
43 creatures vanquished.

Grand Total: 120 creatures vanquished

Notes
Turn   | Place    | Note
-------+----------+-------------------------------------------
     0 | D:1      | Patchouli the Deep Elf Ice Elementalist began the quest for the Orb.
     0 | D:1      | Reached XP level 1. HP: 10/10 MP: 6/6
   280 | D:2      | Reached XP level 2. HP: 12/15 MP: 2/8
   317 | D:2      | Reached skill level 4 in Spellcasting
   317 | D:2      | Reached XP level 3. HP: 8/19 MP: 1/11
   348 | D:2      | Learned a level 2 spell: Throw Frost
   352 | D:2      | Learned a level 3 spell: Ozocubu's Armour
   768 | D:2      | Reached skill level 5 in Spellcasting
   811 | D:3      | Found a faded altar of an unknown god.
   868 | D:3      | Reached XP level 4. HP: 22/24 MP: 10/13
   876 | D:3      | Learned a level 4 spell: Summon Ice Beast
   877 | D:3      | Noticed Jessica
   884 | D:3      | Killed Jessica
   884 | D:3      | Reached skill level 1 in Charms
  1063 | D:3      | Found a faded altar of an unknown god.
  1063 | D:3      | Found a deep blue altar of Sif Muna.
  1069 | D:3      | Found a faded altar of an unknown god.
  1071 | D:3      | Found an opulent altar of Gozag.
  1072 | D:3      | Found a glowing golden altar of the Shining One.
  1202 | D:3      | Found a shattered altar of Ashenzari.
  1202 | D:3      | Found a glowing silver altar of Zin.
  1254 | D:4      | Reached XP level 5. HP: 28/28 MP: 12/14
  1263 | D:4      | Reached skill level 1 in Summonings
  1276 | D:4      | Found a staircase to the Ecumenical Temple.
  1295 | Temple   | Entered the Ecumenical Temple
  1336 | Temple   | Became a worshipper of Kikubaaqudgha
  1449 | D:5      | Entered Level 5 of the Dungeon
  1730 | D:5      | Reached XP level 6. HP: 32/32 MP: 8/16
  1736 | D:5      | Learned a level 4 spell: Throw Icicle
  1842 | D:6      | Found a basalt altar of Yredelemnul.
  1847 | D:6      | Reached skill level 6 in Spellcasting
  1893 | D:6      | Reached skill level 5 in Ice Magic
  2098 | D:7      | Reached XP level 7. HP: 20/36 MP: 5/18
  2203 | D:8      | Noticed Joseph
  2225 | D:8      | Killed Joseph
  2225 | D:8      | Reached skill level 7 in Spellcasting
  2234 | D:8      | Reached * piety under Kikubaaqudgha
  2234 | D:8      | Identified Kikubaaqudgha's Guide on Evil (Kikubaaqudgha gifted it to you on level 8 of the Dungeon)
  2234 | D:8      | Received a gift from Kikubaaqudgha
  2515 | D:9      | Noticed a hungry ghost
  2528 | D:9      | Killed a hungry ghost
  2564 | D:9      | Found a bloodstained altar of Trog.
  2743 | D:9      | Reached XP level 8. HP: 41/41 MP: 13/21
  2929 | D:10     | Entered Level 10 of the Dungeon
  2975 | D:10     | Reached skill level 8 in Spellcasting
  3089 | D:10     | Noticed a hill giant
  3097 | D:10     | Killed a hill giant
  3097 | D:10     | Reached skill level 5 in Dodging
  3097 | D:10     | Reached skill level 5 in Summonings
  3159 | D:11     | Noticed a cyclops
  3208 | D:11     | Killed a cyclops
  3270 | D:11     | Noticed a kobold demonologist
  3271 | D:11     | Noticed a kobold demonologist
  3374 | D:11     | Noticed a manticore
  3390 | D:11     | Killed a manticore
  3390 | D:11     | Reached skill level 9 in Spellcasting
  3390 | D:11     | Reached skill level 1 in Necromancy
  3557 | D:8      | Noticed Psyche
  3564 | D:8      | Killed Psyche
  3564 | D:8      | Reached XP level 9. HP: 40/45 MP: 4/24
  3644 | D:8      | Reached ** piety under Kikubaaqudgha
  4096 | D:8      | Found a stormy altar of Qazlal.
  4112 | D:8      | Got a distressingly furry leather armour
  4242 | D:8      | Identified a +0 rod of ignition (9/9) (You found it on level 8 of the Dungeon)
  4348 | D:9      | Found a staircase to the Lair.
  4370 | Lair:1   | Entered Level 1 of the Lair of Beasts
  4436 | Lair:1   | Noticed a black mamba
  4447 | Lair:1   | Killed a black mamba
  4495 | Lair:1   | Noticed a rime drake
  4512 | Lair:1   | Killed from afar by a rime drake

Skill      XL: |  1  2  3  4  5  6  7  8  9 |
---------------+----------------------------+-----
Spellcasting   | 4 5 6 7 9 |  9.2
Ice Magic      | 4 5 6 7 |  7.9
Charms         | 1 2 |  2.4
Summonings     | 2 3 4 5 6 |  6.4
Dodging        | 3 4 5 |  5.7
Conjurations   | 2 3 |  3.5
Necromancy     | 1 2 |  2.4
Fighting       | |  0.1
Armour         | |  0.5
Stealth        | |  2.4

Action                   |  1- 3 |  4- 6 |  7- 9 || total
-------------------------+-------+-------+-------++-------
Melee: Unarmed           |     2 |       |       ||     2
       Flail             |       |     3 |       ||     3
       Short sword       |       |       |     1 ||     1
       Scimitar          |       |       |     1 ||     1
 Cast: Freeze            |    45 |    57 |    35 ||   137
       Ozocubu's Armour  |     3 |     7 |     6 ||    16
       Throw Frost       |       |    12 |     5 ||    17
       Summon Ice Beast  |       |     6 |    55 ||    61
Evoke: Wand              |       |       |     7 ||     7
  Use: Scroll            |       |     1 |     2 ||     3
       Potion            |       |       |    11 ||    11
  Eat: Chunk             |       |     4 |    10 ||    14
       Beef jerky        |       |       |     1 ||     1
Armor: Robe              |     6 |    15 |    13 ||    34
Dodge: Dodged            |    27 |    31 |    37 ||    95
       Rpst.: Scimitar   |       |       |     4 ||     4
